 Dungeon Crawl Stone Soup version 0.31-a0-232-gb1c03b2570 (webtiles) character file.

Game seed: 4080879678692981293

173 qw the Shooter (level 5, -2/31 HPs)
             Began as a Gargoyle Hexslinger on July 7, 2023.
             Was an Initiate of Okawaru.
             Slain by a gnoll bouda
             ... wielding a +0 club
              (3 damage)
             ... on level 4 of the Dungeon.
             The game lasted 00:01:05 (3245 turns).

qw the Shooter (Gargoyle Hexslinger)                Turns: 3245, Time: 00:01:05

Health: -2/31      AC: 11    Str: 11    XL:     5   Next: 53%
Magic:  6/6        EV: 10    Int: 14    God:    Okawaru [......]
Gold:   172        SH:  0    Dex: 14    Spells: 5/6 levels left

rFire   . . .        Y - +1 sling
rCold   . . .        (no shield)
rNeg    + + .        d - +0 ring mail
rPois   inf          c - +0 helmet
rElec   +            (no cloak)
rCorr   .            (no gloves)
SInv    .            g - +0 pair of boots
Will    .....        b - amulet of faith
Stlth   +            a - ring of positive energy
HPRegen 0.25/turn    (no ring)
MPRegen 0.10/turn

%: faith
@: weakened
A: sickness immunity, AC +4, negative energy resistance 1, electricity
resistance, torment resistance 1, petrification resistance
a: Renounce Religion


You were on level 4 of the Dungeon.
You worshipped Okawaru.
Okawaru was noncommittal.
You visited 1 branch of the dungeon, and saw 4 of its levels.

You collected 172 gold pieces.


Innate Abilities, Weirdness & Mutations

You are immune to sickness and miasma.
Your stone body is resilient. (AC +4)
You are immune to poison.
You resist negative energy. (rN+)
You are resistant to electric shocks. (rElec)
You are resistant to unholy torment.
You are immune to petrification.


   Skills:
 + Level 2.4 Fighting
 - Level 5.0 Ranged Weapons
 - Level 1.0 Armour
 - Level 1.5 Dodging
 - Level 1.0 Spellcasting
 - Level 2.6 Hexes


You had 5 spell levels left.
You knew the following spells:

 Your Spells              Type           Power      Damage    Failure   Level
a - Slow                  Hex            32%        N/A       21%         1

Your spell library contained the following spells:

 Spells                   Type           Power      Damage    Failure   Level
 Inner Flame              Hex/Fire       4%         N/A       71%         3
 Portal Projectile        Hex/Tloc       8%         N/A       71%         3
 Cause Fear               Hex            4%         N/A       90%         4

Inventory:

Hand Weapons
 Y - a +1 sling (weapon)
Armour
 c - a +0 helmet (worn)
 d - a +0 ring mail (worn)
 g - a +0 pair of boots (worn)
Jewellery
 a - a ring of positive energy (left hand)
 b - an amulet of faith (around neck)
 j - an amulet of reflection
Scrolls
 i - 2 scrolls of identify
Potions
 e - a potion of attraction {unknown}
 f - a potion of might {unknown}
 h - a potion of enlightenment
 k - a potion of ambrosia {unknown}
 m - a potion of haste {unknown}

Dungeon Overview and Level Annotations

Branches:
Dungeon (4/15)
 Temple: D:4-7

Altars:
Ashenzari
Fedhas
Okawaru


Message History

You shoot a sling bullet. The sling bullet hits the gnoll.
The gnoll is almost dead.
The gnoll misses you. The gnoll closely misses you.
You shoot a sling bullet.
The sling bullet barely misses the gnoll.
The gnoll barely misses you. The gnoll hits you but does no damage.
The gnoll barely misses you.
You shoot a sling bullet. The sling bullet hits the gnoll.
The gnoll is almost dead.
The gnoll hits you but does no damage. The gnoll barely misses you.
The gnoll closely misses you. The gnoll hits you with a +0 whip!
You shoot a sling bullet.
The sling bullet closely misses the gnoll.
The gnoll barely misses you.
The gnoll hits you but does no damage. x2
You shoot a sling bullet. The sling bullet hits the gnoll.
You kill the gnoll!
Okawaru accepts your kill. The gnoll hits you but does no damage.
The gnoll bouda hits you with a +0 club.
You shoot a sling bullet.
The sling bullet closely misses the gnoll bouda.
The sling bullet hits the gnoll but does no damage.
Your attacks no longer feel as feeble.
The gnoll barely misses you.
You shoot a sling bullet.
The sling bullet closely misses the gnoll bouda.
The gnoll hits you from afar with a +0 spear.
The gnoll bouda hits you with a +0 club!
The gnoll closely misses you.
The gnoll bouda gazes fiercely through you!
You feel your attacks grow feeble.
The gnoll bouda hits you but does no damage.
The gnoll hits you from afar with a +0 spear.
You shoot a sling bullet. The sling bullet hits the gnoll bouda.
The gnoll bouda is moderately wounded.
The gnoll is no longer moving quickly. x2
An adder comes into view.
The gnoll misses you.
The gnoll bouda hits you with a +0 club.
You die...

#.# #.# #.# #.#
########.##########.#
####....................
..[..######.##########.#
...!.. ###.#### #.#
$....g###..[...###
.....ggg#.#.#<...+
#@#.#.##.###
########.#.#....#
..(....S...######
########.#......
#.###.### # #.# .. .
###### #.# .. .
.....###########.# .
._.#.##..........# .


You could see a gnoll bouda, 3 gnolls and an adder.

Vanquished Creatures
  Jessica (D:2)
  Robin (D:2)
  2 gnolls
  4 adders
  An ufetubus (D:4)
  3 dart slugs
  2 orcs (D:3)
  2 ball pythons
  5 bats
  5 endoplasms
  2 giant cockroaches
  17 goblins
  4 hobgoblins
  2 jackals (D:3)
  4 quokkas
  2 frilled lizards
  3 kobolds
  6 rats
66 creatures vanquished.

Notes
Turn   | Place    | Note
-------+----------+-------------------------------------------
     0 | D:1      | qw the Gargoyle Hexslinger began the quest for the Orb.
     0 | D:1      | Reached XP level 1. HP: 12/12 MP: 2/2
     0 | D:1      | 0 ||| qw: Version: 0.3-a-46-gb1f654a
     0 | D:1      | 0 ||| qw: Game counter: 2468
     0 | D:1      | 0 ||| qw: Melee chars always use a shield: true
     0 | D:1      | 0 ||| qw: God list: Okawaru
     0 | D:1      | 0 ||| qw: Allow faded altars: false
     0 | D:1      | 0 ||| qw: Do Orc after clearing Dungeon:15 true
     0 | D:1      | 0 ||| qw: Do second Lair branch before Depths: true
     0 | D:1      | 0 ||| qw: Lair rune preference: random
     0 | D:1      | 0 ||| qw: Goals: Normal
     0 | D:1      | 0 ||| PLANNING D:1-11
     3 | D:1      | Noticed an electric eel
     4 | D:1      | Noticed an electric eel
    77 | D:1      | Reached XP level 2. HP: 16/16 MP: 3/3
    94 | D:1      | Reached skill level 3 in Ranged Weapons
   474 | D:1      | Reached XP level 3. HP: 21/21 MP: 4/4
   929 | D:1      | 929 ||| UPGRADING to +0 ring mail.
   939 | D:1      | 939 ||| DROPPING +0 robe.
   940 | D:1      | 940 ||| READING scroll labelled KUNEMOB SIRROI.
   941 | D:1      | 941 ||| DROPPING scroll of poison.
  1147 | D:2      | Noticed Robin
  1161 | D:2      | Killed Robin
  1166 | D:2      | 1166 ||| FLEEEEING.
  1167 | D:2      | 1167 ||| FLEEEEING.
  1168 | D:2      | 1168 ||| FLEEEEING.
  1169 | D:2      | 1169 ||| FLEEEEING.
  1171 | D:2      | 1171 ||| FLEEEEING.
  1172 | D:2      | 1172 ||| FLEEEEING.
  1173 | D:2      | 1173 ||| FLEEEEING.
  1174 | D:2      | 1174 ||| FLEEEEING.
  1175 | D:2      | 1175 ||| FLEEEEING.
  1176 | D:2      | 1176 ||| FLEEEEING.
  1177 | D:2      | 1177 ||| FLEEEEING.
  1178 | D:2      | 1178 ||| FLEEEEING.
  1665 | D:2      | Noticed Jessica
  1672 | D:2      | Killed Jessica
  1673 | D:2      | Reached skill level 4 in Ranged Weapons
  1673 | D:2      | Reached XP level 4. HP: 26/26 MP: 5/5
  1977 | D:2      | 1977 ||| UPGRADING to +0 helmet.
  1982 | D:2      | 1982 ||| UPGRADING to +0 pair of boots.
  1987 | D:2      | 1987 ||| DROPPING +1 hat.
  1988 | D:2      | 1988 ||| UPGRADING to ring of positive energy.
  1989 | D:2      | 1989 ||| READING 4 scrolls labelled TAAL VOVVOTHU.
  1990 | D:2      | 1990 ||| DROPPING 3 scrolls of fog.
  2108 | D:3      | Reached skill level 1 in Armour
  2281 | D:3      | Reached XP level 5. HP: 29/30 MP: 6/6
  2856 | D:3      | 2856 ||| UPGRADING to amulet of faith.
  2861 | D:3      | 2861 ||| READING scroll labelled FAPNEDD ARRUTS.
  2862 | D:3      | 2862 ||| READING scroll labelled NUSTRE NACUU.
  2863 | D:3      | 2863 ||| DRINKING 2 red potions.
  2944 | D:4      | Found a blossoming altar of Fedhas.
  3064 | D:4      | Found an iron altar of Okawaru.
  3065 | D:4      | 3065 ||| PLANNING OKAWARU WORSHIP
  3065 | D:4      | 3065 ||| READING scroll labelled UBAJORAPOFA.
  3066 | D:4      | 3066 ||| READING scroll labelled TOHESM KOCIBEWN.
  3077 | D:4      | Reached skill level 5 in Ranged Weapons
  3080 | D:4      | Became a worshipper of Warmaster Okawaru
  3081 | D:4      | 3081 ||| PLANNING D:1-11
  3108 | D:4      | Found a broken altar of Ashenzari.
  3244 | D:4      | HP: 5/31 [gnoll bouda/+0 club (7)]
  3244 | D:4      | HP: 1/31 [gnoll/+0 spear[a gnoll bouda] (4)]
  3245 | D:4      | Slain by a gnoll bouda

Levels and vault maps discovered:
D:1:      arrival_aquarium_b, layout_basic, kennysheep_nondescript
D:2:      layout_loops_corners, roderic_lattice_a, uniq_robin, uniq_jessica
D:3:      minmay_spotlight, layout_loops_ring
D:4:      layout_basic, mainiacjoe_overflow_cross_hatched, okawaru_gym_becter,
          mainiacjoe_overflow_alcove_4

Skill      XL: |  1  2  3  4  5 |
---------------+----------------+-----
Ranged Weapons | 3 4 5 |  5.0
Fighting       | 2 |  2.4
Armour         | 1 |  1.0
Dodging        | |  1.5
Spellcasting   | |  1.0
Hexes          | |  2.6

Action                     |  1- 3 |  4- 6 || total
---------------------------+-------+-------++-------
   Fire: Sling             |    86 |   178 ||   264
    Use: Scroll            |     1 |     5 ||     6
         Potion            |       |     1 ||     1
 Armour: Robe              |     3 |       ||     3
         Ring mail         |    22 |    68 ||    90
  Dodge: Dodged            |    28 |    90 ||   118

Table legend:
 A = Non-vault XP
 B = Vault XP
 C = Vault XP percentage of total XP
 D = Non-vault monster count
 E = Vault monster count
 F = Vault count percentage of total count
                 A         B        C        D         E       F
            +---------+---------+-------+---------+---------+-------
      Total |     154 |      94 |  37.9 |      48 |      18 |  27.3
            +---------+---------+-------+---------+---------+-------
        D:1 |      36 |       0 |   0.0 |      13 |       0 |   0.0
        D:2 |      13 |      71 |  84.5 |       9 |      12 |  57.1
        D:3 |      41 |      23 |  35.9 |      16 |       6 |  27.3
        D:4 |      64 |       0 |   0.0 |      10 |       0 |   0.0
            +---------+---------+-------+---------+---------+-------
